CAL
LAKE ELSINORE STORM @ SAN JOSE GIANTS
06/20/2108
 
TOP OF THE 1ST
Lake Elsinore Storm batting - Pitching for San Jose Giants : LHP Bryan Townsend
Pitching: LHP Bryan Townsend
Batting: RHB Ryan Curran 0-0: Fly out, F6 (Popup, 6MD, EV 59.4 MPH)
Batting: RHB Aaron Podolak 0-0: Swinging Strike
0-1: Swinging Strike
0-2: Ball
1-2: Foul Ball, location: 5SF
1-2: Ball
2-2: Foul Ball, location: 3F
2-2: Fly out, F8 (Flyball, 8RS, EV 89.4 MPH)
Batting: RHB Jason Meertens 0-0: Ball
1-0: Ball
2-0: Foul Ball, location: 9LDF
2-1: Ball
3-1: Called Strike
3-2: Base on Balls
Batting: RHB Jerry Jackson 0-0: Called Strike
0-1: Called Strike
0-2: Fly out, F3 (Popup, 34, EV 61.9 MPH)
Top of the 1st over - 0 runs, 0 hits, 0 errors, 1 left on base; Lake Elsinore 0 - San Jose 0
BOTTOM OF THE 1ST
San Jose Giants batting - Pitching for Lake Elsinore Storm : RHP Mike Domzalski
Pitching: RHP Mike Domzalski
Batting: RHB Chris Webster 0-0: Fly out, F8 (Flyball, 89D, EV 103.8 MPH)
Batting: RHB Mike Mikel 0-0: Called Strike
0-1: Called Strike
0-2: Strikes out looking
Batting: LHB Miguel Jurado 0-0: Called Strike
0-1: Ball
1-1: Foul Ball, location: 7LMF
1-2: Ball
2-2: Ball
3-2: Foul Ball, location: 2F
3-2: Base on Balls
Batting: RHB Willie Verduzco 0-0: Ground out 4-3 (Groundball, 34, EV 83.1 MPH)
Bottom of the 1st over - 0 runs, 0 hits, 0 errors, 1 left on base; Lake Elsinore 0 - San Jose 0
TOP OF THE 2ND
Lake Elsinore Storm batting - Pitching for San Jose Giants : LHP Bryan Townsend
Batting: LHB Julian Hencleeday 0-0: Foul Ball, location: 2F
0-1: Ball
1-1: Called Strike
1-2: Foul Ball, location: 2F
1-2: Ball
2-2: Ball
3-2: SINGLE (Line Drive, 6MD, EV 96.3 MPH)
Batting: RHB Robby Bethel 0-0: Ball
1-0: Called Strike
1-1: SINGLE (Line Drive, 89S, EV 99.4 MPH)
Julian Hencleeday to second
Batting: RHB Chris Alwine 0-0: Called Strike
0-1: Swinging Strike
0-2: Ball
1-2: Fly out, F9 (Flyball, 89D, EV 101.9 MPH)
Batting: SHB Nick Mattison 0-0: Grounds into double play, 5-4-3 (Groundball, 56S, EV 76.9 MPH)
Top of the 2nd over - 0 runs, 2 hits, 0 errors, 1 left on base; Lake Elsinore 0 - San Jose 0
BOTTOM OF THE 2ND
San Jose Giants batting - Pitching for Lake Elsinore Storm : RHP Mike Domzalski
Batting: RHB Juan Castro 0-0: Ball
1-0: Called Strike
1-1: Ball
2-1: Ball
3-1: SOLO HOME RUN (Flyball, 7LD, EV 96.3 MPH), Distance : 360 ft
Batting: LHB Orlando Renteria 0-0: Ball
1-0: Swinging Strike
1-1: Swinging Strike
1-2: Foul Ball, location: 7LSF
1-2: Ball
2-2: Strikes out looking
Batting: RHB Bob Harrigan 0-0: Swinging Strike
0-1: Foul Ball, location: 9LMF
0-2: Ball
1-2: Ball
2-2: Ball
3-2: Foul Ball, location: 2F
3-2: TRIPLE (Line Drive, 78XD, EV 106.3 MPH)
Batting: RHB Roland Meyer 0-0: Swinging Strike
0-1: Swinging Strike
0-2: Ball
1-2: Foul Ball, location: 5FF
1-2: Strikes out swinging
Batting: RHB Aaron Mayo 0-0: Called Strike
0-1: Ball
1-1: SINGLE (Line Drive, 9S, EV 99.4 MPH)
Bob Harrigan scores
Batting: RHB Chris Webster 0-0: Ball
1-0: Swinging Strike
1-1: Ball
2-1: Ball
3-1: Foul Ball, location: 3FF
3-2: Foul Ball, location: 5SF
3-2: Base on Balls
Aaron Mayo to second
Batting: RHB Mike Mikel 0-0: Ball
1-0: Ball
2-0: Called Strike
2-1: Foul Ball, location: 5DF
2-2: Ball
3-2: Strikes out swinging
Bottom of the 2nd over - 2 runs, 3 hits, 0 errors, 2 left on base; Lake Elsinore 0 - San Jose 2
TOP OF THE 3RD
Lake Elsinore Storm batting - Pitching for San Jose Giants : LHP Bryan Townsend
Batting: LHB Jose Aviles 0-0: Ball
1-0: Foul Ball, location: 2F
1-1: Swinging Strike
1-2: Strikes out swinging
Batting: RHB Ryan Curran 0-0: Called Strike
0-1: Swinging Strike
0-2: Ball
1-2: SINGLE (Line Drive, 9S, EV 90.0 MPH)
Batting: RHB Aaron Podolak 0-0: Called Strike
0-1: Swinging Strike
0-2: Foul Ball, location: 3F
0-2: Grounds into double play, 4-6-3 (Groundball, 4, EV 84.4 MPH)
Top of the 3rd over - 0 runs, 1 hit, 0 errors, 0 left on base; Lake Elsinore 0 - San Jose 2
BOTTOM OF THE 3RD
San Jose Giants batting - Pitching for Lake Elsinore Storm : RHP Mike Domzalski
Batting: LHB Miguel Jurado 0-0: Ball
1-0: Swinging Strike
1-1: Called Strike
1-2: Ball
2-2: Foul Ball, location: 7LSF
2-2: Foul Ball, location: 5SF
2-2: Foul Ball, location: 2F
2-2: Ball
3-2: SOLO HOME RUN (Flyball, 8RXD, EV 103.8 MPH), Distance : 416 ft
Batting: RHB Willie Verduzco 0-0: Ground out 6-3 (Groundball, 6, EV 86.3 MPH)
Batting: RHB Juan Castro 0-0: Ball
1-0: Ball
2-0: Ball
3-0: Base on Balls
Batting: LHB Orlando Renteria 0-0: Foul Ball, location: 2F
0-1: Swinging Strike
0-2: Strikes out swinging
Batting: RHB Bob Harrigan 0-0: Ball
1-0: Ball
2-0: Called Strike
2-1: Ball
3-1: Base on Balls
Juan Castro to second
Batting: RHB Roland Meyer 0-0: Called Strike
0-1: Fly out, F5 (Popup, 5, EV 65.0 MPH)
Bottom of the 3rd over - 1 run, 1 hit, 0 errors, 2 left on base; Lake Elsinore 0 - San Jose 3
TOP OF THE 4TH
Lake Elsinore Storm batting - Pitching for San Jose Giants : LHP Bryan Townsend
Batting: RHB Jason Meertens 0-0: Swinging Strike
0-1: Ball
1-1: Swinging Strike
1-2: Ball
2-2: Ball
3-2: Foul Ball, location: 2F
3-2: Foul Ball, location: 2F
3-2: Fly out, F8 (Line Drive, 8RM, EV 95.6 MPH)
Batting: RHB Jerry Jackson 0-0: Called Strike
0-1: Foul Ball, location: 9LDF
0-2: Foul Ball, location: 2F
0-2: Foul Ball, location: 2F
0-2: Ground out 6-3 (Groundball, 6M, EV 103.1 MPH)
Batting: LHB Julian Hencleeday 0-0: Called Strike
0-1: Fly out, F7 (Flyball, 7S, EV 99.4 MPH)
Top of the 4th over - 0 runs, 0 hits, 0 errors, 0 left on base; Lake Elsinore 0 - San Jose 3
BOTTOM OF THE 4TH
San Jose Giants batting - Pitching for Lake Elsinore Storm : RHP Mike Domzalski
Batting: RHB Aaron Mayo 0-0: Ground out 4-3 (Groundball, 34, EV 103.1 MPH)
Batting: RHB Chris Webster 0-0: Called Strike
0-1: Foul Ball, location: 5SF
0-2: Foul Ball, location: 5DF
0-2: Ball
1-2: Ball
2-2: Ball
3-2: SINGLE (Line Drive, 89S, EV 96.3 MPH)
Batting: RHB Mike Mikel 0-0: Ball
1-0: Fly out, F7 (Flyball, 78S, EV 71.9 MPH)
Batting: LHB Miguel Jurado 0-0: Foul Ball, location: 2F
0-1: Foul Ball, location: 2F
0-2: Ball
1-2: Foul Ball, location: 3FF
1-2: Fly out, F4 (Line Drive, 4MD, EV 72.5 MPH)
Bottom of the 4th over - 0 runs, 1 hit, 0 errors, 1 left on base; Lake Elsinore 0 - San Jose 3
TOP OF THE 5TH
Lake Elsinore Storm batting - Pitching for San Jose Giants : LHP Bryan Townsend
Batting: RHB Robby Bethel 0-0: Foul Ball, location: 3F
0-1: Ball
1-1: Fly out, F8 (Flyball, 8RD, EV 108.1 MPH)
Batting: RHB Chris Alwine 0-0: Ball
1-0: Ball
2-0: Ball
3-0: Base on Balls
Batting: SHB Nick Mattison 0-0: Called Strike
0-1: Foul Ball, location: 2F
0-2: SINGLE (Line Drive, 4D, EV 99.4 MPH)
Chris Alwine to second
Batting: LHB Jose Aviles 0-0: Ball
1-0: Ball
2-0: Called Strike
2-1: Called Strike
2-2: Foul Ball, location: 7LSF
2-2: Foul Ball, location: 7LMF
2-2: Ball
3-2: Foul Ball, location: 7LMF
3-2: Foul Ball, location: 2F
3-2: Strikes out swinging
Batting: RHB Ryan Curran 0-0: Fielders Choice at 2nd, 5-4 (Groundball, 56, EV 83.1 MPH)
Top of the 5th over - 0 runs, 1 hit, 0 errors, 2 left on base; Lake Elsinore 0 - San Jose 3
BOTTOM OF THE 5TH
San Jose Giants batting - Pitching for Lake Elsinore Storm : RHP Mike Domzalski
Batting: RHB Willie Verduzco 0-0: Ball
1-0: Foul Ball, location: 2F
1-1: Fly out, F4 (Line Drive, 4M, EV 68.8 MPH)
Batting: RHB Juan Castro 0-0: Ball
1-0: Foul Ball, location: 5FF
1-1: Ball
2-1: Foul Ball, location: 2F
2-2: Strikes out swinging
Pitching: RHP Juan Rangel
Batting: LHB Orlando Renteria 0-0: Ball
1-0: Foul Ball, location: 5FF
1-1: Ground out U3 (Groundball, 34, EV 101.9 MPH)
Bottom of the 5th over - 0 runs, 0 hits, 0 errors, 0 left on base; Lake Elsinore 0 - San Jose 3
TOP OF THE 6TH
Lake Elsinore Storm batting - Pitching for San Jose Giants : LHP Bryan Townsend
Batting: RHB Aaron Podolak 0-0: Ball
1-0: Swinging Strike
1-1: Called Strike
1-2: Ball
2-2: Foul Ball, location: 5SF
2-2: Fly out, F6 (Line Drive, 6, EV 63.8 MPH)
Pitching: RHP Bill Laird
Batting: RHB Jason Meertens 0-0: Ball
1-0: SINGLE (Groundball, 56D, EV 103.8 MPH)
Batting: RHB Jerry Jackson 0-0: Ball
1-0: Ball
2-0: Foul Ball, location: 2F
2-1: Foul Ball, location: 7LMFF
2-2: Ball
3-2: SINGLE (Line Drive, 6D, EV 99.4 MPH)
Jason Meertens to second
Batting: LHB Julian Hencleeday 0-0: Ball
1-0: SINGLE (Line Drive, 89S, EV 104.4 MPH)
Jason Meertens to third
Jerry Jackson to second
Batting: RHB Robby Bethel 0-0: Swinging Strike
0-1: Ball
1-1: Swinging Strike
1-2: DOUBLE (Flyball, 89XD, EV 96.9 MPH)
Jason Meertens scores
Jerry Jackson scores
Julian Hencleeday to third
Batting: RHB Chris Alwine 0-0: Foul Ball, location: 2F
0-1: Ball
1-1: Ball
2-1: DOUBLE (Flyball, 8RXD, EV 109.4 MPH)
Julian Hencleeday scores
Robby Bethel scores
Batting: SHB Nick Mattison 0-0: Intentional Walk
Pitching: RHP Dave Bigby
Batting: LHB Jose Aviles 0-0: Called Strike
0-1: Ball
1-1: Foul Ball, location: 3SF
1-2: Ball
2-2: Strikes out swinging
Batting: RHB Ryan Curran 0-0: Ball
1-0: Ball
2-0: Called Strike
2-1: Fly out, F8 (Flyball, 8RXD, EV 103.8 MPH)
Top of the 6th over - 4 runs, 5 hits, 0 errors, 2 left on base; Lake Elsinore 4 - San Jose 3
BOTTOM OF THE 6TH
San Jose Giants batting - Pitching for Lake Elsinore Storm : RHP Juan Rangel
Pinch Hitting: RHB Alex Bushbaum 0-0: Called Strike
0-1: DOUBLE (Line Drive, 78D, EV 109.4 MPH)
Pinch Hitting: RHB Kevin Shaffer 0-0: Called Strike
0-1: Ball
1-1: Foul Ball, location: 5SF
1-2: Ball
2-2: Ball
3-2: Base on Balls
Pinch Hitting: RHB Danny Archuleta 0-0: Ball
1-0: Foul Ball, location: 9LDF
1-1: Swinging Strike
1-2: Strikes out swinging
Batting: RHB Chris Webster 0-0: 3-RUN HOME RUN (Line Drive, 78XD, EV 107.5 MPH), Distance : 416 ft
Pitching: RHP Travis LeBlanc
Batting: RHB Mike Mikel 0-0: Ball
1-0: Foul Ball, location: 3F
1-1: Fly out, F9 (Flyball, 9D, EV 94.4 MPH)
Batting: LHB Miguel Jurado 0-0: Ball
1-0: Called Strike
1-1: Swinging Strike
1-2: Foul Ball, location: 7LMFF
1-2: Strikes out swinging
Bottom of the 6th over - 3 runs, 2 hits, 0 errors, 0 left on base; Lake Elsinore 4 - San Jose 6
TOP OF THE 7TH
Lake Elsinore Storm batting - Pitching for San Jose Giants : RHP Dave Bigby
Now at 1B: Kevin Shaffer
Now at SS: Alejandro Cisneros
Now in CF: Hector Rivera
Batting: RHB Aaron Podolak 0-0: Called Strike
0-1: Ball
1-1: Foul Ball, location: 2F
1-2: Foul Ball, location: 23F
1-2: Strikes out swinging
Batting: RHB Jason Meertens 0-0: Ball
1-0: Called Strike
1-1: Swinging Strike
1-2: Foul Ball, location: 9LMF
1-2: Fly out, F5 (Line Drive, 56, EV 95.0 MPH)
Batting: RHB Jerry Jackson 0-0: Called Strike
0-1: Ball
1-1: Ground out 6-3 (Groundball, 6, EV 101.9 MPH)
Top of the 7th over - 0 runs, 0 hits, 0 errors, 0 left on base; Lake Elsinore 4 - San Jose 6
BOTTOM OF THE 7TH
San Jose Giants batting - Pitching for Lake Elsinore Storm : RHP Travis LeBlanc
Batting: RHB Willie Verduzco 0-0: Ground out 6-3 (Groundball, 6M, EV 83.8 MPH)
Batting: RHB Juan Castro 0-0: Ball
1-0: Foul Ball, location: 25F
1-1: SINGLE (Line Drive, 5D, EV 100.0 MPH)
Batting: LHB Orlando Renteria 0-0: Called Strike
0-1: Foul Ball, location: 2F
0-2: Strikes out swinging
Batting: RHB Alejandro Cisneros 0-0: Fly out, F7 (Line Drive, 7S, EV 91.3 MPH)
Bottom of the 7th over - 0 runs, 1 hit, 0 errors, 1 left on base; Lake Elsinore 4 - San Jose 6
TOP OF THE 8TH
Lake Elsinore Storm batting - Pitching for San Jose Giants : RHP Dave Bigby
Pitching: LHP Juan Talamantes
Batting: LHB Julian Hencleeday 0-0: Ball
1-0: Ball
2-0: Ball
3-0: Base on Balls
Batting: RHB Robby Bethel 0-0: Called Strike
0-1: Called Strike
0-2: Strikes out swinging
Batting: RHB Chris Alwine 0-0: Foul Ball, location: 7LSF
0-1: Ball
1-1: Foul Ball, location: 9LMF
1-2: DOUBLE (Line Drive, 78D, EV 96.9 MPH)
Julian Hencleeday to third
Batting: SHB Nick Mattison 0-0: Called Strike
0-1: Called Strike
0-2: Strikes out swinging
Pinch Hitting: RHB Ron Jakob 0-0: Ball
1-0: Ball
2-0: Ball
3-0: Base on Balls
Batting: RHB Ryan Curran 0-0: Ball
1-0: Ball
2-0: Called Strike
2-1: Swinging Strike
2-2: Foul Ball, location: 2F
2-2: Fielders Choice at 2nd, 6-4 (Groundball, 56, EV 108.8 MPH)
Top of the 8th over - 0 runs, 1 hit, 0 errors, 3 left on base; Lake Elsinore 4 - San Jose 6
BOTTOM OF THE 8TH
San Jose Giants batting - Pitching for Lake Elsinore Storm : RHP Travis LeBlanc
Now at 3B: Ron Jakob
Now in LF: Aaron Podolak
Now in CF: Julian Hencleeday
Batting: RHB Kevin Shaffer 0-0: Called Strike
0-1: Ball
1-1: Ball
2-1: Called Strike
2-2: Ball
3-2: Base on Balls
Batting: RHB Hector Rivera 0-0: Called Strike
0-1: Ball
1-1: Called Strike
1-2: Foul Ball, location: 3FF
1-2: Foul Ball, location: 2F
1-2: Fielders Choice at 2nd, 5-4 (Groundball, 56, EV 110.0 MPH)
Batting: RHB Chris Webster 0-0: SINGLE (Line Drive, 8RS, EV 91.3 MPH)
Hector Rivera to second
Runner from 2nd tries for 3rd, SAFE, throw by CF made to third
Batting: RHB Mike Mikel 0-0: Ball
1-0: Ball
2-0: Grounds into double play, 6-4-3 (Groundball, 6, EV 79.4 MPH)
Bottom of the 8th over - 0 runs, 1 hit, 0 errors, 1 left on base; Lake Elsinore 4 - San Jose 6
TOP OF THE 9TH
Lake Elsinore Storm batting - Pitching for San Jose Giants : LHP Juan Talamantes
Pitching: RHP Luke Birchfield
Now in LF: Chris Webster
Now in RF: Rich Nuila
Batting: RHB Aaron Podolak 0-0: DOUBLE (Flyball, 8LXD, EV 98.8 MPH)
Batting: RHB Jason Meertens 0-0: Called Strike
0-1: Ball
1-1: Foul Ball, location: 9LDF
1-2: Foul Ball, location: 2F
1-2: Ball
2-2: Strikes out swinging
Batting: RHB Jerry Jackson 0-0: Ball
1-0: Foul Ball, location: 2F
1-1: Ball
2-1: Ball
3-1: Base on Balls
Batting: LHB Julian Hencleeday 0-0: Ball
1-0: Ball
2-0: Called Strike
2-1: Foul Ball, location: 2F
2-2: Ball
3-2: Strikes out swinging
Batting: RHB Robby Bethel 0-0: Ball
1-0: Called Strike
1-1: Fly out, F4 (Popup, 3S, EV 90.0 MPH)
Top of the 9th over - 0 runs, 1 hit, 0 errors, 2 left on base; Lake Elsinore 4 - San Jose 6
Friday, March 21st , 2025 - OOTP Baseball 25.11 Build 104